 Dungeon Crawl Stone Soup version 0.24.1 (webtiles) character file.

Game seed: 16848348711595282025, levelgen mode: deterministic

2198 Peloso the Carver (level 9, -5/75 HPs)
             Began as a Minotaur Fighter on Mar 27, 2020.
             Slain by a gnoll
             ... wielding a +3 halberd of electrocution
              (14 damage)
             ... in a bailey.
             The game lasted 00:12:18 (5799 turns).

Peloso the Carver (Minotaur Fighter)                Turns: 5799, Time: 00:12:19

Health: -5/75      AC: 14    Str: 23    XL:     9   Next: 12%
Magic:  8/8        EV:  8    Int:  5    God:
Gold:   309        SH: 11    Dex: 11    Spells: 8/8 levels left

rFire    + . .     SeeInvis .   a - +1 falchion (vamp)
rCold    . . .     Gourm    .   c - +0 shield
rNeg     . . .     Faith    .   y - +1 chain mail {rF+}
rPois    .         Spirit   .   (helmet restricted)
rElec    .         Reflect  .   (no cloak)
rCorr    .         Harm     .   (no gloves)
MR       .....                  u - +1 pair of boots
Stlth    ..........             (no amulet)
HPRegen  0.22/turn              (no ring)
MPRegen  0.11/turn              (no ring)

@: no status effects
A: retaliatory headbutt, horns 2
a: no special abilities


You were in a bailey.
You were not hungry.

You visited 1 branch of the dungeon, and saw 7 of its levels.
You also visited: Bailey.

You collected 309 gold pieces.

Inventory:

Hand Weapons
 a - a +1 vampiric falchion (weapon)
 b - a +5 scimitar
Armour
 c - a +0 shield (worn)
 u - a +1 pair of boots (worn)
 v - a +0 chain mail
 y - a +1 chain mail of fire resistance (worn)
Wands
 p - a wand of polymorph (12)
 x - a wand of flame (21)
Scrolls
 e - 2 scrolls of fear
 g - 5 scrolls of identify
 h - a scroll of random uselessness
 i - a scroll of fog {unknown}
 j - a scroll of amnesia {unknown}
 k - a scroll of noise {unknown}
 l - a scroll of remove curse
 m - a scroll of enchant weapon {unknown}
 o - a scroll of teleportation
 t - a scroll of enchant armour
Potions
 n - 2 potions of heal wounds
 q - a potion of flight
 r - 2 potions of curing
 s - a potion of ambrosia {unknown}
 w - 2 potions of mutation {unknown}
 z - a potion of degeneration {unknown}
Comestibles
 f - 13 rations


   Skills:
 + Level 5.8 Fighting
 + Level 8.9 Long Blades
 + Level 7.9 Armour
 + Level 2.4 Dodging
 + Level 0.9 Stealth
 + Level 8.3 Shields


You had 8 spell levels left.
You didn't know any spells.
Your spell library contained the following spells:

 Spells                   Type           Power        Failure   Level  Hunger
 Ensorcelled Hibernation  Hex/Ice        #.....       100%        2    ###....
 Borgnjor's Vile Clutch   Necr/Erth      #.........   100%        5    ######.
 Silence                  Hex/Air        #.........   100%        5    ######.
 Darkness                 Hex            #.........   100%        6    #######
 Shadow Creatures         Summ           N/A          100%        6    #######


Dungeon Overview and Level Annotations

Branches:
Dungeon (7/15)             Temple (0/1) D:7          Bailey (1/1)

Altars:
Hepliaklqana

Annotations:
D:4 2 transporters, thethe's ghost, amateur DsWz


Innate Abilities, Weirdness & Mutations

You reflexively headbutt those who attack you in melee.
You have a pair of horns on your head.


Message History

You block the gnoll's attack. The gnoll barely misses you.
The gnoll hits you with a +3 halberd of electrocution.
You are electrocuted!!
Things that are here:
6 boomerangs; a kobold corpse x2
You hit the gnoll but do no damage. The gnoll closely misses you.
You block the gnoll's attack.
You closely miss the gnoll. You headbutt the gnoll.
The gnoll is lightly wounded.
You block the gnoll's attack.
The gnoll hits you with a +3 halberd of electrocution!
You are electrocuted!!
* * * LOW HITPOINT WARNING * * *
You barely miss the gnoll.
The gnoll is lightly wounded.
The gnoll closely misses you. You furiously retaliate!
You headbutt the gnoll!
You kill the gnoll!
Unknown command.
The gnoll hits you but does no damage.
You are electrocuted!
You die...

#.'..)..'.#.'..∩(('.
###.....#####.....##
##.....## ##.....#
##'##'##'###'##'##'#
#.###.###.#.###.# #.
#'# ### ##### ### #
#(###.# #.#g#
##(##'##'# #K#
##@()..#


#og ###).g..### Kgg #.'..⌠..'.# .⌠. ###.....### .. #.....# #'##'##'# #.# #.# #.'
## ### ### You could see a gnoll.

Vanquished Creatures
  An ugly thing (D:7)
  Duvessa (D:4)
  A sky beast (D:7)
  2 orc warriors (D:6)
  A black bear (D:6)
  An ogre (D:6)
  A big kobold (D:7)
  Blork the orc (D:6)
  Dowan (D:4)
  A scorpion (D:5)
  3 wights (D:7)
  2 howler monkeys
  A crimson imp (D:6)
  A quasit (D:6)
  An orc priest (D:6)
  A bullfrog skeleton (D:6)
  3 hounds (D:7)
  A gnoll shaman (D:6)
  A bullfrog zombie (D:2)
  2 orc wizards (D:6)
  Jessica (D:3)
  An iguana (D:7)
  Natasha (twice) (D:3)
  2 worker ants (D:4)
  A killer bee zombie (D:6)
  10 gnolls
  9 adders
  A shadow imp (D:6)
  2 oozes
  4 worms
  2 dart slugs
  3 leopard geckos
  10 orcs
  A ball python (D:2)
  3 giant cockroaches
  13 hobgoblins
  15 jackals
  3 quokkas
  4 bats
  10 frilled lizards
  8 goblins
  18 kobolds
  7 rats
157 creatures vanquished.

Vanquished Creatures (others)
  4 plants (D:4)
4 creatures vanquished.

Grand Total: 161 creatures vanquished

Notes
Turn   | Place    | Note
-------+----------+-------------------------------------------
     0 | D:1      | Peloso the Minotaur Fighter began the quest for the Orb.
     0 | D:1      | Reached XP level 1. HP: 19/19 MP: 0/0
   227 | D:1      | Reached XP level 2. HP: 27/27 MP: 1/1
  1104 | D:2      | Reached XP level 3. HP: 33/33 MP: 2/2
  1275 | D:2      | Reached XP level 4. HP: 39/40 MP: 3/3
  1284 | D:2      | Found a hazy altar of Hepliaklqana.
  1899 | D:3      | Noticed Natasha
  1903 | D:3      | Killed Natasha
  2059 | D:3      | Noticed Jessica
  2068 | D:3      | Killed Jessica
  2068 | D:3      | Reached XP level 5. HP: 44/46 MP: 4/4
  2099 | D:3      | Noticed Natasha
  2108 | D:3      | Killed Natasha
  2108 | D:3      | Reached skill level 1 in Dodging
  2289 | D:3      | You fall into a shaft and drop 3 floors!
  2318 | D:6      | Reached skill level 5 in Long Blades
  2384 | D:6      | Reached skill level 5 in Shields
  2384 | D:6      | Reached XP level 6. HP: 50/53 MP: 5/5
  2609 | D:5      | Entered Level 5 of the Dungeon
  2948 | D:5      | Reached skill level 5 in Armour
  3625 | D:4      | Found a transporter.
  3626 | D:4      | Found a transporter.
  3628 | D:4      | Noticed Dowan
  3630 | D:4      | Noticed Duvessa
  3646 | D:4      | Killed Duvessa
  3646 | D:4      | Reached XP level 7. HP: 39/60 MP: 6/6
  3654 | D:4      | Killed Dowan
  3836 | D:4      | Noticed thethe's ghost (amateur DsWz)
  4024 | D:4      | Identified the +3 trident "Xajaavvaso" {venom, *Contam
                  | rElec rC+}
  4024 | D:4      | Identified the +3 shield of the Jabberwock {rPois rC- Int+4
                  | Stlth+}
  4401 | D:6      | Noticed Blork the orc
  4403 | D:6      | Reached skill level 5 in Fighting
  4415 | D:6      | Killed Blork the orc
  4457 | D:6      | Reached XP level 8. HP: 68/68 MP: 7/7
  5365 | D:7      | Noticed a brown ugly thing
  5390 | D:7      | Killed a brown ugly thing
  5462 | D:7      | Reached XP level 9. HP: 29/75 MP: 8/8
  5497 | D:7      | Found a staircase to the Ecumenical Temple.
  5545 | D:7      | Found a flagged portal.
  5561 | Bailey   | Entered a bailey
  5753 | Bailey   | Noticed an orc knight
  5799 | Bailey   | Slain by a gnoll

Levels and vault maps discovered:
D:1:      lightli_arrival_noodles, layout_loops_ring, serial_glass,
          glass_columns_a, glass_columns_c, glass_columns_a, glass_columns_b,
          glass_columns_b, glass_columns_a, glass_columns_c, glass_columns_a,
          glass_columns_a, glass_columns_b, glass_columns_b, glass_columns_b,
          glass_columns_c, glass_columns_b, minmay_pentomino_v4
D:2:      layout_loops_ring, old_standard_altar, first_ration,
          grunt_decor_clamped
D:3:      layout_loops_corners, uniq_natasha, uniq_jessica
D:4:      layout_loops_ring, gammafunk_ghost_gnarly_gnolls, uniq_duvessa
D:5:      layout_cave_pools, serial_glass, glass_columns_b, glass_columns_c,
          item_on_display_a, item_on_display_a, due_unseen_surprise,
          feat_on_display, kennysheep_potato
D:6:      layout_layer_cave, uniq_blork_the_orc
D:7:      layout_rooms, minmay_temple_entry_junction_2, enter_bailey_3,
          grunt_livestock, kennysheep_generic_room_12
Bailey:   bailey_axe_2, bailey

Skill      XL: |  1  2  3  4  5  6  7  8 |
---------------+-------------------------+-----
Shields        | 4 5 6 8 |  8.3
Long Blades    | 3 4 5 6 8 |  8.9
Armour         | 4 5 6 7 |  7.9
Fighting       | 4 5 |  5.8
Dodging        | 1 2 |  2.4
Stealth        | |  0.9

Action                   |  1- 3 |  4- 6 |  7- 9 || total
-------------------------+-------+-------+-------++-------
Melee: Long sword        |    64 |   114 |       ||   178
       Headbutt          |    10 |    26 |    61 ||    97
       Falchion          |       |    33 |   284 ||   317
  Use: Potion            |     3 |     1 |     1 ||     5
       Scroll            |       |     2 |     6 ||     8
  Eat: Chunk             |     1 |     7 |     8 ||    16
Armor: Scale mail        |    30 |    73 |    32 ||   135
       Chain mail        |       |       |    69 ||    69
Dodge: Dodged            |    18 |    44 |    84 ||   146
Block: Shield            |    33 |    85 |   165 ||   283
       Rpst.: Long sword |     2 |    11 |       ||    13
       Falchion          |       |     1 |    21 ||    22
